 Dungeon Crawl Stone Soup version 0.22-a0-848-ge9e22a0 (webtiles) character file.

10427 Supahsalami the Basher (level 11, -17/71 HPs)
             Began as a Gargoyle Fighter on July 27, 2018.
             Was a High Priest of Okawaru.
             Killed from afar by an ice statue (23 damage)
             ... with a bolt of cold
             ... in an ice cave.
             The game lasted 00:46:45 (13170 turns).

Supahsalami the Basher (Gargoyle Fighter)          Turns: 13170, Time: 00:46:47

Health: -17/71     AC: 31    Str: 31    XL:     11   Next: 62%
Magic:  11/12      EV: 16    Int: 11    God:    Okawaru [*****.]
Gold:   717        SH: 15    Dex: 14    Spells: 10/10 levels left

rFire    . . .     SeeInvis .   p - +4 flail (curse)
rCold    . . .     Gourm    .   U - +0 shield
rNeg     + . .     Faith    +   q - +0 plate armour
rPois    ∞         Spirit   .   (no helmet)
rElec    +         Reflect  .   v - +2 cloak "Nuiqaci" {Regen+ Int+2}
rCorr    .         Harm     .   l - +0 pair of gloves
MR       .....                  j - +0 pair of boots
Stlth    ..........             a - amulet of faith
HPRegen  0.61/turn              k - ring of attention (curse)
MPRegen  0.13/turn              M - +3 ring of strength

@: mighty, agile, heroism
A: negative energy resistance 1, electricity resistance, unbreathing,
petrification resistance, rot immunity, AC +8
a: Heroism, Finesse, Renounce Religion


You were in an ice cave.
You worshipped Okawaru.
Okawaru was extremely pleased with you.
You were very hungry.

You visited 2 branches of the dungeon, and saw 14 of its levels.
You also visited: Sewer and Ice Cave.

You collected 717 gold pieces.

Inventory:

Hand Weapons
 p - a cursed +4 flail (weapon)
 R - a +0 flail of holy wrath
Missiles
 A - a throwing net
 O - 4 tomahawks (quivered)
 Q - 6 tomahawks of returning
Armour
 j - a +0 pair of boots (worn)
 l - a +0 pair of gloves (worn)
 q - a +0 plate armour (worn)
 v - the +2 cloak "Nuiqaci" (worn) {Regen+ Int+2}
   (Okawaru gifted it to you in an ice cave)

   It affects your intelligence (+2).
   It increases your rate of regeneration.
 T - a +1 chain mail of fire resistance
 U - a +0 shield (worn)
Jewellery
 a - an amulet of faith (around neck)
 e - an uncursed amulet of regeneration
 k - a cursed ring of attention (left hand)
 K - an uncursed ring of fire
 M - a +3 ring of strength (right hand)
Wands
 b - a wand of flame (5)
 c - a wand of clouds (2)
 x - a wand of disintegration (14)
 H - a wand of acid (13)
 L - a wand of polymorph (31)
 S - a wand of random effects (45)
Scrolls
 g - 2 scrolls of enchant weapon
 h - a scroll of amnesia {unknown}
 i - 3 scrolls of teleportation
 s - 2 scrolls of blinking
 t - a scroll of remove curse {unknown}
 y - a scroll of immolation {unknown}
 B - 2 scrolls of magic mapping
 C - a scroll of fear {unknown}
 V - a scroll of vulnerability {unknown}
 W - a scroll of torment {unknown}
 Y - a scroll of enchant armour {unknown}
 Z - a scroll of summoning {unknown}
Potions
 d - a potion of might
 m - 2 potions of haste
 o - 2 potions of agility
 u - a potion of magic {unknown}
 w - 3 potions of flight
 z - a potion of mutation {unknown}
 E - a potion of berserk rage {unknown}
 F - 2 potions of invisibility {unknown}
 G - 2 potions of degeneration {unknown}
 I - a potion of resistance {unknown}
 J - 3 potions of cancellation
 N - 3 potions of lignification
 X - a potion of brilliance {unknown}
Comestibles
 f - 18 rations
 n - 6 chunks of flesh


   Skills:
 + Level 9.4(14.4) Fighting
 * Level 11.3(16.3) Maces & Flails
 + Level 9.4(14.4) Armour
 + Level 9.4(14.4) Shields
 + Level 2.3 Invocations


You had 10 spell levels left.
You didn't know any spells.
Your spell library contained the following spells:

 Spells                   Type           Power        Failure   Level  Hunger
 Confuse                  Hex            #.......     99%         3    ####...
 Confusing Touch          Hex            #.....       90%         1    ##.....
 Metabolic Englaciation   Hex/Ice        #.........   100%        5    ######.
 Petrify                  Tmut/Erth      #.......     100%        4    #####..
 Gell's Gravitas          Tloc           #.........   99%         3    ####...
 Yara's Violent Unravell  Hex/Tmut       #.........   100%        5    ######.


Dungeon Overview and Level Annotations

Branches:
Dungeon (13/15)            Temple (1/1) D:7            Lair (0/6) D:9
    Orc (0/2) D:10
 Vaults: D:13-14

Altars:
Ashenzari
Cheibriados
Dithmenos
Elyvilon
Fedhas
Gozag
Hepliaklqana
Kikubaaqudgha
Makhleb
Nemelex Xobeh
Okawaru
Qazlal
Ru
Sif Muna
Trog
Uskayaw
Vehumet
Wu Jian
Xom
Yredelemnul
Zin
The Shining One
Jiyva

Shops:
D:4 %   D:6 (

Annotations:
D:8 3 runed doors, exclusion: 3 doors, Supahsalami's ghost, novice GrVM IceCv 1 transporter, exclusion: 2 ice statues


Innate Abilities, Weirdness & Mutations

You are resistant to torment.
Your stone body is resilient. (AC +8)
You are immune to poison.
You resist negative energy. (rN+)
You are resistant to electric shocks. (rElec)
You can survive without breathing.
You are immune to petrification.
You are immune to rotting.


Message History

The ice statue gestures at you. The freezing blast engulfs you!
The ice beast misses you.
There is a transporter landing site here.
Found 13 gold pieces and a glowing coral ring.
Found a transporter.
The ice statue gestures.
You block the ice beast's attack.
You bludgeon the ice statue!!
The ice statue is moderately damaged.
You sock the ice statue!
The ice statue is heavily damaged.
You block the ice beast's attack. x2
You bludgeon the ice statue!!
The ice statue is almost destroyed.
The ice beast hits you but does no damage.
The ice beast barely misses you. The ice statue gestures at you.
The bolt of cold hits you!
You die...

#######
##.....##
##...∩...##
##.....§...##
#.....©.....#
#.....†§§...#
##..YYY......#
#...Y@YY......#
#....8...8....#
#......!......#
##....$.$....##
#...8.".8...#
##...$©=...##
###########


You could see 2 ice statues and 6 ice beasts.

Vanquished Creatures
  3 two-headed ogres
  2 ugly things (IceCv)
  Joseph (D:8)
  2 rime drakes (D:13)
  2 hippogriffs (D:7)
  A spriggan (D:9)
  A yak (D:9)
  A steam dragon (D:10)
  2 wargs (D:10)
  5 porcupines (D:9)
  5 orc warriors
  A sky beast (D:6)
  6 ice beasts (IceCv)
  A hornet zombie (D:9)
  Purgy (Sewer)
  4 ogres
  A phantom (D:9)
  3 centaurs
  2 crocodiles (D:10)
  A gnoll sergeant (D:4)
  12 bullfrogs
  A wyvern skeleton (D:8)
  3 killer bees (D:8)
  2 scorpions
  A wight (D:10)
  2 howler monkeys
  5 crimson imps
  A bullfrog zombie (D:8)
  2 centaur zombies (D:10)
  A jelly (D:5)
  6 hounds
  12 orc priests
  A gnoll shaman (D:4)
  Jessica (D:2)
  A centaur skeleton (D:7)
  2 iguanas
  6 orc wizards
  8 worker ants
  A worker ant zombie (D:6)
  9 adders
  13 gnolls
  A shadow imp (D:5)
  An ooze (D:3)
  2 adder zombies
  3 worms (D:2)
  2 dart slugs
  8 leopard geckos
  55 orcs
  2 ball pythons
  15 bats
  7 giant cockroaches
  5 hobgoblins
  15 jackals
  5 quokkas
  4 frilled lizards
  10 goblins
  A jackal skeleton (D:4)
  5 kobolds
  9 rats
  A bush (D:3)
286 creatures vanquished.

Vanquished Creatures (others)
  23 fungi (D:9)
  4 plants (D:9)
27 creatures vanquished.

Grand Total: 313 creatures vanquished

Notes
Turn   | Place    | Note
-------+----------+-------------------------------------------
     0 | D:1      | Supahsalami the Gargoyle Fighter began the quest for the Orb.
     0 | D:1      | Reached XP level 1. HP: 14/14 MP: 1/1
    69 | D:1      | Reached XP level 2. HP: 19/19 MP: 2/2
   293 | D:1      | Reached XP level 3. HP: 23/23 MP: 3/3
   739 | D:2      | Noticed Jessica
   740 | D:2      | Killed Jessica
   740 | D:2      | Reached skill level 3 in Maces & Flails
   785 | D:2      | Reached XP level 4. HP: 25/29 MP: 4/4
  1091 | D:2      | Found a glowing silver altar of Zin.
  1270 | D:2      | Found a glowing golden altar of the Shining One.
  1657 | D:3      | Found a deep blue altar of Sif Muna.
  1657 | D:3      | Found an opulent altar of Gozag.
  1657 | D:3      | Found an iron altar of Okawaru.
  1663 | D:3      | Became a worshipper of Warmaster Okawaru
  1743 | D:2      | Reached XP level 5. HP: 7/33 MP: 5/5
  2447 | D:3      | Found a white marble altar of Elyvilon.
  2664 | D:3      | Reached skill level 4 in Maces & Flails
  2664 | D:3      | Reached XP level 6. HP: 17/39 MP: 6/6
  3385 | D:4      | Found Dianiguz's Food Shop.
  3394 | D:4      | Reached * piety under Okawaru
  3398 | D:4      | Reached XP level 7. HP: 44/44 MP: 7/7
  3498 | D:4      | Reached skill level 5 in Maces & Flails
  3712 | D:5      | Entered Level 5 of the Dungeon
  3732 | D:5      | Found a shimmering altar of Xom.
  3778 | D:5      | Reached skill level 5 in Fighting
  3778 | D:5      | Reached skill level 5 in Armour
  3860 | D:5      | Reached skill level 5 in Shields
  3861 | D:5      | Found a glowing drain.
  3906 | Sewer    | Entered a sewer
  4166 | Sewer    | Noticed Purgy
  4177 | Sewer    | Killed Purgy
  4177 | Sewer    | Reached XP level 8. HP: 48/50 MP: 5/8
  4215 | D:5      | Reached skill level 6 in Maces & Flails
  5044 | D:5      | Found a shimmering altar of Xom.
  5662 | D:6      | Reached ** piety under Okawaru
  6074 | D:6      | Found Tel Dudoa's Weapon Boutique.
  6114 | D:6      | Reached skill level 7 in Maces & Flails
  6160 | D:6      | Reached XP level 9. HP: 56/56 MP: 9/9
  6883 | D:7      | You fall through a shaft for 3 floors!
  6883 | D:10     | Entered Level 10 of the Dungeon
  6926 | D:9      | Found a radiant altar of Vehumet.
  6995 | D:8      | Reached skill level 8 in Maces & Flails
  7278 | D:7      | Found a staircase to the Ecumenical Temple.
  7288 | Temple   | Entered the Ecumenical Temple
  7700 | D:7      | Reached *** piety under Okawaru
  8046 | D:8      | Noticed a two-headed ogre
  8223 | D:7      | Found a snail-covered altar of Cheibriados.
  8280 | D:8      | Found a runed gate.
  8281 | D:8      | Found a runed gate.
  8316 | D:8      | Noticed Joseph
  8433 | D:7      | Killed a two-headed ogre
  8433 | D:7      | Reached skill level 9 in Maces & Flails
  8433 | D:7      | Reached XP level 10. HP: 45/64 MP: 7/10
  8860 | D:9      | Noticed a two-headed ogre
  8936 | D:8      | Killed Joseph
  8936 | D:8      | Reached **** piety under Okawaru
  9053 | D:8      | Received a gift from Okawaru
  9091 | D:8      | Found a runed gate.
  9093 | D:8      | Found a viscous altar of Jiyva.
  9093 | D:8      | Noticed Supahsalami's ghost (novice GrVM)
  9630 | D:9      | Noticed a two-headed ogre
  9646 | D:9      | Killed a two-headed ogre
  9646 | D:9      | Reached skill level 10 in Maces & Flails
 10101 | D:9      | Found a staircase to the Lair.
 10835 | D:8      | Reached XP level 11. HP: 30/69 MP: 8/11
 11775 | D:10     | Found a staircase to the Orcish Mines.
 12083 | D:10     | Reached ***** piety under Okawaru
 12505 | D:9      | Killed a two-headed ogre
 12505 | D:9      | Reached skill level 11 in Maces & Flails
 12712 | D:10     | Reached skill level 1 in Invocations
 12741 | D:11     | Noticed a two-headed ogre
 12746 | D:12     | Noticed a manticore
 12746 | D:12     | Noticed a catoblepas
 12746 | D:12     | Noticed a manticore
 12746 | D:12     | Noticed a catoblepas
 12753 | D:12     | Noticed a two-headed ogre
 12761 | D:12     | Noticed a two-headed ogre
 12766 | D:13     | Noticed a green ugly thing
 12770 | D:13     | Noticed a deep elf mage
 12966 | D:13     | Found a frozen archway.
 12989 | IceCv    | Entered an ice cave
 12989 | IceCv    | Noticed a white ugly thing
 13007 | IceCv    | Killed a white ugly thing
 13021 | IceCv    | Received a gift from Okawaru
 13024 | IceCv    | Got a translucent cloak {god gift}
 13030 | IceCv    | Identified the +2 cloak "Nuiqaci" {Regen+ Int+2} (Okawaru gifted it to you in an ice cave)
 13033 | IceCv    | Found a transporter.
 13072 | IceCv    | Noticed a white ugly thing
 13096 | IceCv    | Killed a white ugly thing
 13162 | IceCv    | HP: 1/71 [ice statue] (14)]
 13165 | IceCv    | Found a transporter.
 13170 | IceCv    | Killed from afar by an ice statue

Vault maps used:
D:1:      dpeg_arrival_simpleton_c
D:2:      zin_scriptorium, first_ration, tso_metal_star, uniq_jessica
D:3:      gammafunk_temple_overflow_forgotten, elyvilon_altar_4
D:4:      kennysheep_big_flooded_room, serial_shops, shop_fountains
D:5:      portal_sewer_entry_a, lemuel_tele_altar
D:6:      serial_shops, nicolae_shop_behind_doors, corexii_leaking_fountain,
          corexii_checkpoint_b
D:7:      lemuel_upstairs_altar, minmay_temple_entry_poolview
D:8:      special_room, gammafunk_ghost_ooze, serial_bayou_pond_a, uniq_joseph
D:9:      due_lair_maze_entry_diamond, serial_park, serial_park_avenue1,
          serial_park_square2, serial_park_square1, grunt_pizzeria,
          vehumet_altar_wand_db
D:10:     erik_orc_4
D:11:     maelrawn_ghost_labyrinth_escape, serial_bayou_ford_a
D:12:     nzn_motion_control
D:13:     portal_ice_cave_rime, wad_woods_river_04, kennysheep_generic_room_13,
          uniq_frances
Temple:   regret_index_temple_mists
Sewer:    kennysheep_door_sewer
IceCv:    ice_cave_statue_garden_transporter

Skill      XL: |  1  2  3  4  5  6  7  8  9 10 11 |
---------------+----------------------------------+-----
Maces & Flails | 3 4 5 7 9 10 11 | 11.3
Armour         | 4 5 6 7 8 9 |  9.4
Fighting       | 4 5 6 7 8 9 |  9.4
Shields        | 4 5 6 7 8 9 |  9.4
Invocations    | 2 |  2.3

Action                   |  1- 3 |  4- 6 |  7- 9 | 10-12 || total
-------------------------+-------+-------+-------+-------++-------
Melee: Flail             |   103 |   148 |       |   452 ||   703
       War axe           |       |   144 |   467 |    80 ||   691
Throw: Tomahawk          |       |       |       |     9 ||     9
       Throwing net      |       |       |       |     1 ||     1
Invok: Heroism           |       |       |    13 |    24 ||    37
Evoke: Wand              |       |       |       |     2 ||     2
  Use: Scroll            |       |       |     7 |     7 ||    14
       Potion            |       |       |       |    11 ||    11
  Eat: Chunk             |       |     9 |    17 |    11 ||    37
       Ration            |       |       |       |     1 ||     1
Armor: Scale mail        |   100 |   117 |   185 |       ||   402
       Plate armour      |       |       |    83 |   337 ||   420
Dodge: Dodged            |    50 |    78 |   144 |   156 ||   428
Block: Shield            |    75 |   152 |   290 |   385 ||   902

Table legend:
 A = Spawn XP
 B = Non-spawn XP
 C = Spawn XP percentage of total XP
 D = Spawn monster count
 E = Non-spawn monster count
 F = Spawn count percentage of total count
 G = Total turns spent on level
                    A         B        C        D         E        F      G
               +---------+---------+-------+---------+---------+-------+---------
         Total |       0 |   14897 |   0.0 |       0 |     285 |   0.0 | 13170
               +---------+---------+-------+---------+---------+-------+---------
           D:1 |       0 |      43 |   0.0 |       0 |      27 |   0.0 |   753
           D:2 |       0 |     104 |   0.0 |       0 |      25 |   0.0 |  1131
           D:3 |       0 |     132 |   0.0 |       0 |      15 |   0.0 |  1212
           D:4 |       0 |     585 |   0.0 |       0 |      28 |   0.0 |  1007
           D:5 |       0 |     622 |   0.0 |       0 |      28 |   0.0 |  1327
           D:6 |       0 |     991 |   0.0 |       0 |      30 |   0.0 |  1321
           D:7 |       0 |    1799 |   0.0 |       0 |      12 |   0.0 |  1071
           D:8 |       0 |    1860 |   0.0 |       0 |      45 |   0.0 |  1530
           D:9 |       0 |    3922 |   0.0 |       0 |      27 |   0.0 |  1839
          D:10 |       0 |    1993 |   0.0 |       0 |      32 |   0.0 |  1068
          D:13 |       0 |     746 |   0.0 |       0 |       2 |   0.0 |   223
         Sewer |       0 |     147 |   0.0 |       0 |       6 |   0.0 |   298
         IceCv |       0 |    1953 |   0.0 |       0 |       8 |   0.0 |   181
               +---------+---------+-------+---------+---------+-------+---------
